AoeStats
← Ulosis

Arena

508756681Analyzed
1v1 RM · 7d ago on Sep 23, 2026· 30m 12s· 2 players
Game mode
Random Map
Map size
Tiny (2 player)
Population
200
Speed
Normal
Resources
Standard
Victory
Conquest
Starting age
Dark Age
Ending age
Imperial Age
RankedLock teamsTeams togetherTeam positionsShared explorationLock speedFull tech treeHidden civsTurbo modeCheats
Victory
Defeat
🇨🇱 Malay · Chile
838
+17
🇵🇪 Khmer · Peru
853
-17
Ulosis
4:07 Loom
12:04 Feudal Age
11:47 Double-Bit Axe
11:55 Horse Collar
15:13 Wheelbarrow
19:03 Castle Age
17:57 Gold Mining
18:00 Stone Mining
19:17 Pikeman
23:36 Husbandry
GoEchi
3:06 Loom
9:27 Feudal Age
15:32 Castle Age
21:37 Stone Mining
22:58 Double-Bit Axe
26:28 Bow Saw
27:04 Horse Collar
27:43 Pikeman
Connection lost

Rejoining the realm…

Still unreachable

The connection could not be restored.

Session expired

The server has moved on; the page needs a fresh start.